AA NE
SOMERSET PATRIOTS @ HARTFORD YARD GOATS
06/13/2042
 
TOP OF THE 1ST
Somerset Patriots batting - Pitching for Hartford Yard Goats : RHP Greg Miller
Pitching: RHP Greg Miller
Batting: RHB Luis Valéncia 0-0: Ball
1-0: Called Strike
1-1: Ground out 4-3 (Groundball, 4S, EV 80.6 MPH)
Batting: LHB Ron Connor 0-0: Ball
1-0: Ball
2-0: Ball
3-0: Called Strike
3-1: Swinging Strike
3-2: Foul Ball, location: 7LMF
3-2: Base on Balls
Batting: LHB Pat Thomas 0-0: Ball
1-0: Called Strike
1-1: Swinging Strike
1-2: Ball
2-2: Foul Ball, location: 5DF
2-2: Ball
3-2: Foul Ball, location: 2F
3-2: Fly out, F8 (Line Drive, 8LM, EV 93.8 MPH)
Batting: RHB Tom Waltenbery 0-0: Ground out 5-3 (Groundball, 56S, EV 93.8 MPH)
Top of the 1st over - 0 runs, 0 hits, 0 errors, 1 left on base; Somerset 0 - Hartford 0
BOTTOM OF THE 1ST
Hartford Yard Goats batting - Pitching for Somerset Patriots : RHP Jim Unknown
Pitching: RHP Jim Unknown
Batting: RHB Ben Austin 0-0: SINGLE (Flyball, 5D, EV 86.3 MPH)
Batting: RHB Greg Price 0-0: Bunt - Flyout to 13S - DP at third! 1-3
Batting: LHB Mike Gibson 0-0: Fly out, F3 (Popup, 3F, EV 79.4 MPH)
Bottom of the 1st over - 0 runs, 1 hit, 0 errors, 0 left on base; Somerset 0 - Hartford 0
TOP OF THE 2ND
Somerset Patriots batting - Pitching for Hartford Yard Goats : RHP Greg Miller
Batting: RHB Al Mitchell 0-0: Swinging Strike
0-1: Swinging Strike
0-2: Ball
1-2: Foul Ball, location: 9LSF
1-2: Ball
2-2: Ball
3-2: Ground out 6-3 (Groundball, 6, EV 88.1 MPH)
Batting: LHB Josh Miller 0-0: Foul Ball, location: 7LMF
0-1: Foul Ball, location: 2F
0-2: Strikes out swinging
Batting: LHB Dave Hamilton 0-0: Called Strike
0-1: Fly out, F8 (Flyball, 78M, EV 88.8 MPH)
Top of the 2nd over - 0 runs, 0 hits, 0 errors, 0 left on base; Somerset 0 - Hartford 0
BOTTOM OF THE 2ND
Hartford Yard Goats batting - Pitching for Somerset Patriots : RHP Jim Unknown
Batting: RHB Stan Moore 0-0: Ball
1-0: Ball
2-0: Called Strike
2-1: Called Strike
2-2: Strikes out swinging
Batting: SHB José Flores 0-0: Reached on error, E4 (Groundball, 4, EV 86.9 MPH)
Batting: RHB Jorge Ortega 0-0: Called Strike
0-1: Foul Ball, location: 3DF
0-2: Strikes out swinging
Batting: RHB Iván Ojeda 0-0: Ball
1-0: Ball
2-0: Fielders Choice at 2nd, 5-4 (Groundball, 5L, EV 107.5 MPH)
Bottom of the 2nd over - 0 runs, 0 hits, 1 error, 1 left on base; Somerset 0 - Hartford 0
TOP OF THE 3RD
Somerset Patriots batting - Pitching for Hartford Yard Goats : RHP Greg Miller
Batting: RHB Jorge Gabriel 0-0: Ground out 5-3 (Groundball, 5, EV 106.9 MPH)
Batting: RHB Jim Unknown 0-0: Fly out, F7 (Flyball, 7D, EV 105.6 MPH)
Batting: RHB Luis Valéncia 0-0: Ball
1-0: Ground out U3 (Groundball, 3S, EV 87.5 MPH)
Top of the 3rd over - 0 runs, 0 hits, 0 errors, 0 left on base; Somerset 0 - Hartford 0
BOTTOM OF THE 3RD
Hartford Yard Goats batting - Pitching for Somerset Patriots : RHP Jim Unknown
Batting: RHB Chet Powers 0-0: Called Strike
0-1: Swinging Strike
0-2: Ball
1-2: Ground out 5-3 (Groundball, 56, EV 85.6 MPH)
Batting: RHB Dave Howard 0-0: Ground out 6-3 (Groundball, 6, EV 83.1 MPH)
Batting: RHB Ben Austin 0-0: Foul Ball, location: 5FF
0-1: Foul Ball, location: 2F
0-2: Foul Ball, location: 2F
0-2: Fly out, F8 (Flyball, 8RM, EV 90.0 MPH)
Bottom of the 3rd over - 0 runs, 0 hits, 0 errors, 0 left on base; Somerset 0 - Hartford 0
TOP OF THE 4TH
Somerset Patriots batting - Pitching for Hartford Yard Goats : RHP Greg Miller
Batting: LHB Ron Connor 0-0: Ball
1-0: Ball
2-0: Called Strike
2-1: Ball
3-1: Foul Ball, location: 2F
3-2: Foul Ball, location: 2F
3-2: Foul Ball, location: 3F
3-2: Base on Balls
Batting: LHB Pat Thomas 0-0: Ball
1-0: Ball
2-0: Called Strike
2-1: Fly out, F8 (Flyball, 8LD, EV 98.8 MPH)
Batting: RHB Tom Waltenbery 0-0: Foul Ball, location: 2F
0-1: Fly out, F5 (Popup, 25F, EV 91.3 MPH)
Batting: RHB Al Mitchell 0-0: Ball
1-0: Fly out, F7 (Flyball, 7D, EV 107.5 MPH)
Top of the 4th over - 0 runs, 0 hits, 0 errors, 1 left on base; Somerset 0 - Hartford 0
BOTTOM OF THE 4TH
Hartford Yard Goats batting - Pitching for Somerset Patriots : RHP Jim Unknown
Batting: RHB Greg Price 0-0: Foul Ball, location: 2F
0-1: Ball
1-1: Hit by Pitch
Batting: LHB Mike Gibson 0-0: Ball
1-0: Foul Ball, location: 2F
1-1: Foul Ball, location: 7LSF
1-2: Ball
2-2: Fly out, F5 (Popup, 5F, EV 73.8 MPH)
Batting: RHB Stan Moore 0-0: Called Strike
Greg Price is caught stealing 2nd base 2-4
0-1: Ball
1-1: Ball
2-1: Foul Ball, location: 2F
2-2: Fly out, F7 (Flyball, 7D, EV 73.8 MPH)
Bottom of the 4th over - 0 runs, 0 hits, 0 errors, 0 left on base; Somerset 0 - Hartford 0
TOP OF THE 5TH
Somerset Patriots batting - Pitching for Hartford Yard Goats : RHP Greg Miller
Batting: LHB Josh Miller 0-0: Fly out, F5 (Popup, 6S, EV 79.4 MPH)
Batting: LHB Dave Hamilton 0-0: Ground out 3-1 (Groundball, 34, EV 83.8 MPH)
Batting: RHB Jorge Gabriel 0-0: Called Strike
0-1: Ball
1-1: Ball
2-1: Ball
3-1: Swinging Strike
3-2: Strikes out looking
Top of the 5th over - 0 runs, 0 hits, 0 errors, 0 left on base; Somerset 0 - Hartford 0
BOTTOM OF THE 5TH
Hartford Yard Goats batting - Pitching for Somerset Patriots : RHP Jim Unknown
Batting: SHB José Flores 0-0: Ground out 3-1 (Groundball, 34, EV 80.0 MPH)
Batting: RHB Jorge Ortega 0-0: Ball
1-0: Ball
2-0: Ball
3-0: Base on Balls
Batting: RHB Iván Ojeda 0-0: Foul Ball, location: 2F
0-1: Fly out, F4 (Popup, 34S, EV 81.3 MPH)
Batting: RHB Chet Powers 0-0: Swinging Strike
0-1: Ball
1-1: Called Strike
1-2: Strikes out swinging
Bottom of the 5th over - 0 runs, 0 hits, 0 errors, 1 left on base; Somerset 0 - Hartford 0
TOP OF THE 6TH
Somerset Patriots batting - Pitching for Hartford Yard Goats : RHP Greg Miller
Batting: RHB Jim Unknown 0-0: Ball
1-0: Called Strike
1-1: Ball
2-1: Foul Ball, location: 2F
2-2: Ground out 6-3 (Groundball, 6MD, EV 102.5 MPH)
Batting: RHB Luis Valéncia 0-0: Foul Ball, location: 9LDF
0-1: Ball
1-1: Foul Ball, location: 9LSF
1-2: Ground out 4-3 (Groundball, 4, EV 78.1 MPH)
Batting: LHB Ron Connor 0-0: Ball
1-0: SINGLE (Groundball, 34D, EV 105.6 MPH)
Batting: LHB Pat Thomas 0-0: Fly out, F9 (Flyball, 89M, EV 82.5 MPH)
Top of the 6th over - 0 runs, 1 hit, 0 errors, 1 left on base; Somerset 0 - Hartford 0
BOTTOM OF THE 6TH
Hartford Yard Goats batting - Pitching for Somerset Patriots : RHP Jim Unknown
Batting: RHB Dave Howard 0-0: Ball
1-0: Called Strike
1-1: Fly out, F4 (Line Drive, 4, EV 70.6 MPH)
Batting: RHB Ben Austin 0-0: Ball
1-0: Ball
2-0: Fly out, F6 (Popup, 6D, EV 58.8 MPH)
Batting: RHB Greg Price 0-0: SINGLE (Groundball, 34D, EV 109.4 MPH)
Batting: LHB Mike Gibson 0-0: 2-RUN HOME RUN (Flyball, 7D, EV 96.9 MPH), Distance : 372 ft
Batting: RHB Stan Moore 0-0: Ball
1-0: Foul Ball, location: 2F
1-1: Ball
2-1: Ball
3-1: Called Strike
3-2: Base on Balls
Batting: SHB José Flores 0-0: Called Strike
0-1: Foul Ball, location: 2F
0-2: Foul Ball, location: 2RF
0-2: Foul Ball, location: 7LMF
0-2: Ball
1-2: SINGLE (Line Drive, 6MD, EV 95.6 MPH)
Stan Moore to second
Throwing error, E8
Stan Moore scores
José Flores to second
Batting: RHB Jorge Ortega 0-0: Ball
1-0: Foul Ball, location: 2F
1-1: Ball
2-1: Ball
3-1: Base on Balls
Batting: RHB Iván Ojeda 0-0: Ball
1-0: Ball
2-0: Called Strike
2-1: Ball
3-1: Fly out, F4 (Popup, 4D, EV 45.0 MPH)
Bottom of the 6th over - 3 runs, 3 hits, 1 error, 2 left on base; Somerset 0 - Hartford 3
TOP OF THE 7TH
Somerset Patriots batting - Pitching for Hartford Yard Goats : RHP Greg Miller
Batting: RHB Tom Waltenbery 0-0: Ball
1-0: Fly out, F9 (Flyball, 9D, EV 100.6 MPH)
Batting: RHB Al Mitchell 0-0: Ball
1-0: Swinging Strike
1-1: Ball
2-1: Ball
3-1: Called Strike
3-2: Foul Ball, location: 3DF
3-2: Base on Balls
Batting: LHB Josh Miller 0-0: Ball
1-0: Ball
2-0: Ball
3-0: Base on Balls
Al Mitchell to second
Batting: LHB Dave Hamilton 0-0: Ball
1-0: Fly out, F6 (Popup, 6M, EV 63.8 MPH)
Batting: RHB Jorge Gabriel 0-0: Ball
1-0: Called Strike
1-1: Foul Ball, location: 2F
1-2: Ball
2-2: Foul Ball, location: 25F
2-2: Foul Ball, location: 2F
2-2: Strikes out swinging
Top of the 7th over - 0 runs, 0 hits, 0 errors, 2 left on base; Somerset 0 - Hartford 3
BOTTOM OF THE 7TH
Hartford Yard Goats batting - Pitching for Somerset Patriots : RHP Jim Unknown
Batting: RHB Chet Powers 0-0: Called Strike
0-1: Ground out 4-3 (Groundball, 4M, EV 101.9 MPH)
Batting: RHB Dave Howard 0-0: Ball
1-0: Ball
2-0: Ball
3-0: Called Strike
3-1: Base on Balls
Batting: RHB Ben Austin 0-0: Ball
1-0: Ball
2-0: Ball
3-0: Base on Balls
Dave Howard to second
Batting: RHB Greg Price 0-0: Ball
1-0: Ball
2-0: Ball
3-0: Called Strike
3-1: Foul Ball, location: 9LDF
3-2: Base on Balls
Dave Howard to third
Ben Austin to second
Batting: LHB Mike Gibson 0-0: SINGLE (Groundball, 34, EV 88.8 MPH)
Dave Howard scores
Ben Austin to third
Greg Price to second
Runner from 3rd tries for Home, SAFE, throw by RF to home
Pitching: LHP Jim Unknown
Batting: RHB Stan Moore 0-0: Called Strike
0-1: Ball
1-1: Foul Ball, location: 3SF
1-2: Ball
2-2: Ball
3-2: Foul Ball, location: 2F
3-2: Grounds into double play, 6-4-3 (Groundball, 56, EV 103.8 MPH)
Bottom of the 7th over - 2 runs, 1 hit, 0 errors, 1 left on base; Somerset 0 - Hartford 5
TOP OF THE 8TH
Somerset Patriots batting - Pitching for Hartford Yard Goats : RHP Greg Miller
Pitching: RHP Israel Baraja
Batting: RHB Jim Unknown 0-0: Ball
1-0: Swinging Strike
1-1: Ball
2-1: Fly out, F7 (Line Drive, 7S, EV 110.6 MPH)
Batting: RHB Luis Valéncia 0-0: Fly out, F3 (Popup, 3SF, EV 78.8 MPH)
Batting: LHB Ron Connor 0-0: Called Strike
0-1: Swinging Strike
0-2: Ball
1-2: Foul Ball, location: 25F
1-2: Strikes out looking
Top of the 8th over - 0 runs, 0 hits, 0 errors, 0 left on base; Somerset 0 - Hartford 5
BOTTOM OF THE 8TH
Hartford Yard Goats batting - Pitching for Somerset Patriots : LHP Jim Unknown
Batting: SHB José Flores 0-0: Called Strike
0-1: Called Strike
0-2: Ball
1-2: SINGLE (Groundball, 13, EV 67.5 MPH) (infield hit)
Batting: RHB Jorge Ortega 0-0: Ball
1-0: 2-RUN HOME RUN (Flyball, 78XD, EV 110.0 MPH), Distance : 419 ft
Batting: RHB Iván Ojeda 0-0: Swinging Strike
0-1: Ball
1-1: Foul Ball, location: 5F
1-2: Ball
2-2: Foul Ball, location: 3SF
2-2: Ball
3-2: Foul Ball, location: 5SF
3-2: Strikes out swinging
Batting: RHB Chet Powers 0-0: Fly out, F9 (Flyball, 89M, EV 90.6 MPH)
Batting: RHB Dave Howard 0-0: Called Strike
0-1: Fly out, F4 (Popup, 4M, EV 60.6 MPH)
Bottom of the 8th over - 2 runs, 2 hits, 0 errors, 0 left on base; Somerset 0 - Hartford 7
TOP OF THE 9TH
Somerset Patriots batting - Pitching for Hartford Yard Goats : RHP Israel Baraja
Pinch Hitting: RHB Jim Unknown 0-0: Fly out, F9 (Flyball, 9, EV 86.3 MPH)
Batting: RHB Tom Waltenbery 0-0: Fly out, F9 (Flyball, 9, EV 96.9 MPH)
Pinch Hitting: RHB Jim Unknown 0-0: Called Strike
0-1: Swinging Strike
0-2: Strikes out looking
Top of the 9th over - 0 runs, 0 hits, 0 errors, 0 left on base; Somerset 0 - Hartford 7
Friday, May 3rd , 2024 - OOTP Baseball 24.10 Build 82